 Dungeon Crawl Stone Soup version 0.28-a0-114-g2bf3c13a2f (webtiles) character file.

Game seed: 17124664238136857764

53 Rennog the Slasher (level 3, 0/43 HPs)
             Began as a Demonspawn Berserker on Aug 12, 2021.
             Was a Follower of Trog.
             Succumbed to an adder's poison
             ... on level 2 of the Dungeon.
             The game lasted 00:01:31 (939 turns).

Rennog the Slasher (Demonspawn Berserker)            Turns: 939, Time: 00:01:32

Health: 0/43       AC:  3    Str: 17    XL:     3   Next: 64%
Magic:  3/3        EV: 12    Int:  8    God:    Trog [*.....]
Gold:   64         SH:  0    Dex: 13    Spells: 2/2 levels left

rFire   . . .      SeeInvis .   a - +0 falchion
rCold   . . .      Faith    .   (no shield)
rNeg    . . .      Spirit   .   b - +0 animal skin
rPois   .          Reflect  .   (no helmet)
rElec   .          Harm     .   (no cloak)
rCorr   .          Rampage  .   e - +0 pair of gloves
Will    ++...                   (no boots)
Stlth   ..........              (no amulet)
HPRegen 1.14/turn               (no ring)
MPRegen 0.08/turn               (no ring)

@: berserking, lethally poisoned (0 -> -1), strong-willed, regenerating, very
quick
A: foul stench 1
a: Renounce Religion, Berserk


You were on level 2 of the Dungeon.
You worshipped Trog.
Trog was aware of your devotion.
You visited 1 branch of the dungeon, and saw 2 of its levels.

You collected 64 gold pieces.

Inventory:

Hand Weapons
 a - a +0 falchion (weapon)
Armour
 b - a +0 animal skin (worn)
 e - a +0 pair of gloves (worn)
Jewellery
 g - a +6 ring of strength
Scrolls
 c - 3 scrolls of identify {unknown}
 d - a scroll of blinking {unknown}
 f - a scroll of fog {unknown}
Potions
 h - a potion of lignification {unknown}
 i - a potion of might {unknown}
 j - 2 potions of curing {unknown}


   Skills:
 + Level 3.6 Fighting
 * Level 3.8 Long Blades
 - Level 1.7 Armour
 - Level 1.7 Dodging


You had 2 spell levels left.
You didn't know any spells.
Your spell library was empty.

Dungeon Overview and Level Annotations

Branches:
Dungeon (2/15)

Altars:
Uskayaw

Shops:
D:1 :


Innate Abilities, Weirdness & Mutations

You may rarely emit foul miasma when damaged in melee.


Message History

You kill the kobold!
Trog accepts your kill.
Things that are here:
a +0 short sword; 3 stones The adder hisses angrily.
Terence hits you with a +0 flail.
You barely miss Terence.
Terence bares his teeth.
Terence completely misses you. Terence closely misses you.
You slash Terence!
Terence is heavily wounded.
Terence hits you with a +0 flail!
You barely miss Terence.
Terence is heavily wounded.
The adder bites you.
You are poisoned.
The adder poisons you! The adder closely misses you.
You riposte.
You barely miss the adder. Terence hits you with a +0 flail!
You emit a cloud of foul miasma!
You feel sick.
Terence is engulfed in dark miasma.
You kill Terence!
Trog accepts your kill.
You feel sick. The adder bites you.
* * * LOW HITPOINT WARNING * * *
Your skin crawls.
You feel strong-willed.
You can no longer call upon Trog for regeneration and willpower.
You feel sick. The adder bites you.
* * * LOW HITPOINT WARNING * * *
A red film seems to cover your vision as you go berserk!
You feel yourself moving faster!
You feel mighty!
You feel sick. The adder bites you but does no damage.
You closely miss the adder. The adder bites you.
* * * LOW HITPOINT WARNING * * *
You are more poisoned.
The adder poisons you!
You slash the adder!
You kill the adder!
Trog accepts your kill.
You die...

#.#########...... ..
...........###### #.
##.########.# #+#..
...#.....#.#
.....###..#.....).#
.......)#####.###
#.#.#..#...#.#
#...#†.)...#.# ## .
#...@....###'#### . ..
+.....#.........# # ...
#.#.#..........)### # .<..
#.#...............###
....<#.##...._.......#....
#.####...............#. .#
#.........#+#...#.#.
..#####..........#.#†#.
.......>.........######


There were no monsters in sight!

Vanquished Creatures
  Terence (D:2)
  An adder (D:2)
  A worm (D:2)
  A dart slug (D:1)
  3 ball pythons
  An endoplasm (D:1)
  4 giant cockroaches (D:2)
  A goblin (D:1)
  2 hobgoblins (D:1)
  3 jackals (D:1)
  5 kobolds
  A quokka (D:1)
  A frilled lizard (D:1)
  A rat (D:1)
26 creatures vanquished.

Notes
Turn   | Place    | Note
-------+----------+-------------------------------------------
     0 | D:1      | Rennog the Demonspawn Berserker began the quest for the
                  | Orb.
     0 | D:1      | Reached XP level 1. HP: 18/18 MP: 1/1
   207 | D:1      | Gained mutation: You may rarely emit foul miasma when
                  | damaged in melee. [demonic ancestry]
   207 | D:1      | Reached XP level 2. HP: 22/24 MP: 2/2
   469 | D:1      | Found Main's Book Shop.
   724 | D:2      | Found a hide-covered altar of Uskayaw.
   747 | D:2      | Reached ** piety under Trog
   773 | D:2      | Reached XP level 3. HP: 18/29 MP: 3/3
   925 | D:2      | Noticed Terence
   934 | D:2      | Killed Terence
   936 | D:2      | HP: 1/29 [adder (2)]
   939 | D:2      | Succumbed to an adder's poison

Illustrated notes

Levels and vault maps discovered:
D:1:      saegor_arrival_simple_c, layout_rooms, serial_shops, shop
D:2:      layout_basic, ebering_ecumenical_altar_rust, basic_altar,
          minmay_worlds_worst_comb, uniq_terence

Skill      XL: |  1 |
---------------+----+-----
Long Blades    | 3 |  3.8
Fighting       | |  3.6
Armour         | |  1.7
Dodging        | |  1.7

Action                   || total
-------------------------++-------
Melee: Falchion          ||    48
Invok: Berserk           ||     1
       Trog's Hand       ||     1
 Stab: Sleeping          ||     1
Armor: Animal skin       ||     8
Dodge: Dodged            ||    23
       Rpst.: Falchion   ||     9

Table legend: (Time is in decaauts)
 A = Elapsed time spent in this place.
 B = Non-inter-level travel time spent in this place.
 C = Inter-level travel time spent in this place.
 D = Time resting spent in this place.
 E = Time spent auto-exploring this place.
 F = Levels seen in this place.
 G = Mean time per level.
                   A        B        C        D        E       F      G
               +--------+--------+--------+--------+--------+-----+--------+
         Total |    945 |    916 |     29 |      0 |    768 |   2 |  472.5 |
       Dungeon |    945 |    916 |     29 |      0 |    768 |   2 |  472.5 |
               +--------+--------+--------+--------+--------+-----+--------+

Top non-repeatable levels by time:
     D:1: 641 daAuts
     D:2: 304 daAuts
